Map: Bastion of the Conclave

Players

Tony

  • Race: Protoss Protoss
  • League: Gold
  • Spawn Location: 12:00

SeiyaDK

  • Race: Protoss Protoss
  • League: Silver
  • Spawn Location: 0:00

Infamous

  • Race: Protoss Protoss
  • League: Silver
  • Spawn Location: 12:00

PopeDiedLol

  • Race: Protoss Protoss
  • Spawn Location: 6:00

Danglê

  • Race: Zerg Zerg
  • League: Gold
  • Spawn Location: 6:00

Zeus

  • Race: Protoss Protoss
  • Spawn Location: 6:00

VOD

Have the link to the VOD?

Description

Time

  • Played on: March 30, 2018, 12:17 p.m.
  • Length: 14:01
Show
View Real Time Build Order
Export as new Build Order

Tony Protoss 

Build Orders:  

Get SALT Encoding   

  12  0:02  Probe  
  13  0:14  Pylon  
  13  0:24  Probe  
  14  0:41  Probe, Gateway  
  15  0:49  Assimilator  
  15  0:53  Probe  
  16  0:58  Pylon  
  16  1:06  Probe  
  17  1:20  Probe  
  18  1:32  Probe  
  19  1:38  Cybernetics Core, Zealot  
  21  1:44  Probe  
  22  1:48  Assimilator  
  22  1:53  Pylon  
  22  2:37  Nexus  
  22  2:40  Pylon, Probe (Chrono Boost)  
  22  2:41  Pylon  
  23  2:45  Probe (Chrono Boost)  
  24  3:01  Stalker (Chrono Boost)  
  26  3:23  Stalker  
  28  3:32  Stargate  
  26  4:18  Stalker  
  28  4:26  Probe (Chrono Boost)  
  30  4:32  Probe (Chrono Boost)  
  30  4:38  Probe (Chrono Boost)  
  32  4:47  Probe x2 (Chrono Boost), Stalker  
  32  4:51  Assimilator  
  35  4:54  Assimilator  
  35  4:57  Pylon  
  35  4:59  Void Ray (Chrono Boost)  
  39  5:16  Stalker (Chrono Boost)  
  41  5:34  Void Ray  
  45  5:37  Stalker  
  47  6:07  Stalker  
  47  6:17  Void Ray  
  51  6:29  Stargate  
  52  6:40  Probe (Chrono Boost)  
  52  6:48  Probe (Chrono Boost)  
  53  6:54  Probe  
  53  6:58  Stalker  
  56  7:03  Void Ray  
  56  7:07  Protoss Air Weapons Level 1  
  61  7:11  Probe (Chrono Boost)  
  61  7:12  Probe (Chrono Boost)  
  62  7:17  Void Ray  
  62  7:19  Probe (Chrono Boost)  
  62  7:21  Probe (Chrono Boost)  
  68  7:28  Stalker  
  70  7:34  Nexus  
  70  7:36  Assimilator  
  70  7:40  Assimilator  
  70  7:45  Probe  
  70  7:46  Void Ray  
  70  7:47  Probe  
  76  7:57  Probe  
  77  8:00  Probe  
  77  8:02  Twilight Council  
  78  8:10  Pylon  
  78  8:11  Pylon  
  78  8:15  Pylon  
  78  8:28  Probe, Zealot  
  78  8:29  Void Ray  
  78  8:32  Void Ray  
  89  8:39  Charge  
  89  8:40  Probe  
  90  8:49  Probe  
  90  8:53  Probe  
  92  8:55  Zealot  
  92  9:01  Probe, Protoss Air Armor Level 1  
  95  9:04  Cybernetics Core  
  95  9:18  Void Ray  
  95  9:19  Void Ray  
  95  9:23  Zealot  
  105  9:50  Fleet Beacon  
  105  10:01  Void Ray x2  
  113  10:43  Probe  
  114  10:55  Pylon, Probe  
  115  10:58  Pylon, Protoss Air Weapons Level 2  
  115  10:59  Protoss Air Armor Level 2  
  115  11:01  Pylon  
  115  11:07  Probe  
  116  11:13  Void Ray x2  
  116  11:16  Nexus  
  124  11:19  Assimilator  
  124  11:23  Assimilator  
  106  11:56  Phoenix x2  
  58  12:27  Stargate  
  58  12:29  Stargate  
  58  12:31  Probe  
  58  12:32  Carrier x2 (Chrono Boost)  
  71  12:43  Probe  
  72  12:49  Pylon  
  72  12:55  Probe  
  60  13:08  Probe  
  46  13:20  Probe  
Show
View Real Time Build Order
Export as new Build Order

SeiyaDK Protoss 

Build Orders:  

Get SALT Encoding   

  12  0:03  Probe  
  13  0:18  Probe (Chrono Boost)  
  13  0:19  Pylon  
  14  0:28  Probe (Chrono Boost)  
  15  0:39  Probe  
  16  0:50  Gateway  
  16  0:52  Gateway  
  16  1:10  Pylon  
  16  1:15  Assimilator  
  16  1:18  Probe (Chrono Boost)  
  17  1:28  Probe (Chrono Boost)  
  18  1:40  Gateway  
  18  1:46  Cybernetics Core  
  18  1:51  Forge  
  18  1:58  Pylon  
  18  2:05  Zealot x2  
  22  2:19  Probe (Chrono Boost)  
  23  2:25  Assimilator  
  23  2:29  Probe (Chrono Boost)  
  24  2:39  Robotics Facility  
  24  2:55  Zealot x2  
  28  3:38  Pylon  
  28  3:39  Pylon  
  28  3:42  Stalker  
  28  3:43  Warp Prism (Chrono Boost)  
  32  3:51  Stalker x2  
  32  3:54  Warp Gate  
  36  3:57  Protoss Ground Armor Level 1  
  36  4:05  Photon Cannon  
  36  4:16  Photon Cannon  
  36  4:21  Shield Battery  
  36  4:59  Nexus  
  36  5:03  Assimilator  
  36  5:07  Pylon  
  36  5:12  Assimilator  
  36  5:19  Probe (Chrono Boost)  
  37  5:31  Probe (Chrono Boost)  
  38  5:37  Probe (Chrono Boost)  
  31  6:10  Protoss Shields Level 1  
  31  6:17  Probe  
  32  6:29  Probe (Chrono Boost)  
  34  6:41  Probe (Chrono Boost)  
  34  6:46  Probe (Chrono Boost), Stargate  
  34  6:47  Stargate  
  35  6:55  Stargate  
  35  6:56  Probe (Chrono Boost)  
  35  6:58  Twilight Council  
  35  6:59  Protoss Air Weapons Level 1  
  36  7:03  Probe (Chrono Boost)  
  37  7:11  Pylon  
  37  7:13  Probe (Chrono Boost)  
  39  7:17  Probe (Chrono Boost)  
  39  7:18  Probe (Chrono Boost)  
  40  7:27  Probe  
  40  7:28  Zealot x2  
  40  7:29  Zealot  
  47  7:39  Probe  
  47  7:43  Void Ray x2  
  56  7:45  Charge (Chrono Boost)  
  56  8:00  Probe  
  57  8:12  Probe  
  58  8:24  Probe  
  59  8:34  Void Ray x2  
  59  8:36  Probe  
  68  8:52  Nexus  
  68  8:56  Assimilator  
  68  9:01  Assimilator  
  68  9:08  Pylon  
  68  9:11  Pylon  
  68  9:19  Probe (Chrono Boost)  
  69  9:27  Void Ray  
  69  9:29  Probe (Chrono Boost)  
  74  9:34  Probe (Chrono Boost)  
  73  10:25  Zealot  
  73  10:26  Zealot x2  
  73  10:27  Void Ray x3  
  91  10:36  Probe  
  92  10:48  Probe (Chrono Boost)  
  92  10:49  Probe (Chrono Boost)  
  95  10:58  Probe x2 (Chrono Boost)  
  95  11:02  Probe (Chrono Boost)  
  95  11:03  Probe (Chrono Boost)  
  96  11:09  Protoss Air Armor Level 1  
  98  11:14  Probe x2  
  98  11:15  Void Ray x2  
  108  11:26  Probe  
  108  11:32  Fleet Beacon  
  109  11:35  Gateway  
  109  11:41  Pylon  
  63  12:38  Void Ray x2 (Chrono Boost)  
  63  12:44  Void Ray (Chrono Boost)  
  75  12:50  Stalker x2  
  75  12:51  Stalker  
  81  13:03  Stalker  
  83  13:22  Void Ray (Chrono Boost)  
  83  13:24  Void Ray x2 (Chrono Boost)  
  95  13:31  Stalker x3  
  95  13:33  Stalker  
Show
View Real Time Build Order
Export as new Build Order

Infamous Protoss 

Build Orders:  

Get SALT Encoding   

  12  0:02  Probe  
  13  0:19  Probe  
  13  0:20  Pylon  
  14  0:33  Probe  
  15  0:39  Gateway  
  15  0:46  Probe  
  16  0:59  Probe  
  16  1:02  Assimilator  
  17  1:26  Cybernetics Core  
  17  1:31  Pylon  
  17  1:39  Probe  
  18  2:02  Gateway  
  18  2:04  Gateway  
  18  2:10  Nexus  
  18  2:19  Warp Gate (Chrono Boost)  
  18  2:21  Probe  
  19  2:27  Assimilator  
  19  2:33  Probe  
  20  2:47  Forge  
  20  2:52  Shield Battery  
  20  2:56  Probe  
  19  3:08  Probe  
  15  3:43  Pylon  
  15  3:48  Assimilator x2  
  15  3:51  Probe  
  15  3:55  Adept (Chrono Boost)  
  18  4:27  Probe (Chrono Boost), Gateway  
  18  4:29  Gateway  
  19  4:36  Probe (Chrono Boost)  
  20  4:49  Photon Cannon  
  20  5:02  Photon Cannon  
  20  5:07  Pylon  
  20  5:19  Zealot  
  22  5:29  Pylon  
  22  5:38  Photon Cannon  
  22  5:58  Pylon  
  22  6:05  Zealot  
  22  6:06  Zealot  
  26  6:18  Cybernetics Core  
  26  6:42  Probe  
  27  6:54  Probe  
  28  6:56  Adept x3  
  28  6:57  Adept  
  36  7:25  Pylon  
  36  7:31  Nexus  
  36  7:43  Probe  
  37  7:54  Robotics Facility  
  37  7:55  Probe  
  38  8:01  Protoss Ground Weapons Level 1  
  38  8:07  Probe  
  38  8:08  Sentry  
  38  8:09  Sentry x2  
  45  8:30  Probe (Chrono Boost)  
  46  8:37  Pylon  
  47  8:42  Probe (Chrono Boost)  
  47  8:43  Observer (Chrono Boost)  
  49  8:48  Probe (Chrono Boost)  
  49  8:55  Stalker x3  
  52  8:56  Probe (Chrono Boost)  
  56  9:12  Probe x2  
  56  9:16  Pylon  
  58  9:25  Photon Cannon  
  58  9:28  Photon Cannon  
  58  9:43  Stalker x3  
  58  9:44  Stalker  
  66  10:01  Immortal  
  70  10:15  Stalker x4  
  78  10:29  Probe (Chrono Boost)  
  78  10:30  Probe (Chrono Boost)  
  78  10:35  Gateway  
  80  10:41  Probe (Chrono Boost)  
  82  10:46  Probe (Chrono Boost)  
  82  10:59  Stalker x2  
  82  11:00  Stalker x2, Protoss Ground Armor Level 1 (Chrono Boost)  
  90  11:12  Probe x2  
  90  11:18  Assimilator  
  92  11:27  Gateway, Twilight Council  
  92  11:30  Shield Battery  
  92  11:55  Stalker  
  94  12:02  Pylon  
  94  12:05  Pylon  
  94  12:09  Pylon  
  94  12:11  Photon Cannon  
  94  12:20  Immortal  
  98  12:53  Stalker x3  
  98  12:54  Stalker  
  90  13:17  Stalker x4  
  56  13:31  Templar Archives  
  50  13:37  Stalker  
  46  14:00  Gateway  
Show
View Real Time Build Order
Export as new Build Order

PopeDiedLol Protoss 

Build Orders: Double Forge 

Get SALT Encoding   

  12  0:01  Probe (Chrono Boost)  
  13  0:14  Probe (Chrono Boost)  
  14  0:19  Pylon  
  14  0:20  Probe (Chrono Boost)  
  15  0:34  Assimilator  
  15  0:37  Probe  
  15  0:42  Assimilator  
  16  0:49  Probe  
  17  1:01  Probe  
  18  1:13  Probe (Chrono Boost)  
  20  1:26  Probe (Chrono Boost)  
  20  1:31  Nexus  
  20  1:34  Probe (Chrono Boost)  
  21  1:40  Probe  
  21  1:43  Forge  
  22  1:47  Pylon  
  22  2:00  Probe  
  23  2:09  Pylon  
  23  2:19  Photon Cannon  
  23  2:22  Photon Cannon  
  23  2:29  Photon Cannon  
  23  2:36  Pylon  
  23  2:55  Photon Cannon  
  23  3:00  Photon Cannon  
  23  3:05  Pylon  
  22  3:15  Probe (Chrono Boost)  
  23  3:23  Protoss Shields Level 1  
  23  3:26  Probe (Chrono Boost)  
  24  3:30  Probe (Chrono Boost)  
  26  3:36  Probe (Chrono Boost)  
  26  3:42  Probe (Chrono Boost)  
  26  3:44  Gateway  
  28  3:48  Probe (Chrono Boost)  
  28  3:54  Probe (Chrono Boost)  
  29  4:00  Probe (Chrono Boost)  
  31  4:04  Probe (Chrono Boost)  
  31  4:06  Probe (Chrono Boost)  
  31  4:09  Probe (Chrono Boost)  
  32  4:10  Assimilator  
  32  4:13  Probe  
  32  4:15  Assimilator  
  34  4:17  Pylon  
  34  4:21  Probe (Chrono Boost)  
  35  4:25  Probe (Chrono Boost)  
  36  4:37  Probe (Chrono Boost)  
  38  4:38  Probe (Chrono Boost)  
  38  4:42  Probe (Chrono Boost), Cybernetics Core  
  38  4:44  Probe  
  40  4:49  Forge  
  40  4:50  Pylon  
  40  4:55  Pylon  
  40  4:56  Probe  
  40  4:58  Pylon  
  41  5:02  Pylon  
  41  5:08  Probe (Chrono Boost)  
  41  5:20  Probe (Chrono Boost)  
  42  5:24  Probe (Chrono Boost)  
  42  5:26  Robotics Facility  
  43  5:31  Stargate  
  43  5:33  Stargate  
  43  5:35  Probe  
  44  5:38  Stargate  
  44  5:42  Stargate  
  44  5:46  Warp Gate (Chrono Boost)  
  45  5:52  Probe x2 (Chrono Boost)  
  46  5:59  Probe (Chrono Boost)  
  47  6:10  Nexus  
  47  6:18  Assimilator  
  47  6:22  Assimilator  
  47  6:24  Pylon  
  47  6:28  Pylon  
  47  6:30  Pylon  
  47  6:40  Fleet Beacon  
  47  6:44  Pylon  
  47  6:47  Warp Prism (Chrono Boost)  
  47  6:50  Robotics Bay  
  49  7:02  Void Ray x3  
  61  7:12  Twilight Council  
  61  7:26  Void Ray  
  65  7:33  Protoss Air Weapons Level 1 (Chrono Boost)  
  65  7:34  Mothership (Chrono Boost)  
  65  7:35  Protoss Ground Armor Level 1  
  73  8:04  Probe  
  74  8:09  Probe  
  75  8:17  Probe  
  76  8:21  Probe  
  77  8:29  Probe  
  77  8:31  Nexus  
  77  8:33  Probe  
  77  8:34  Assimilator  
  79  8:36  Assimilator  
  79  8:39  Pylon  
  79  8:45  Probe  
  79  8:57  Pylon  
  79  8:58  Probe  
  80  9:15  Protoss Air Armor Level 1  
  80  9:38  Pylon  
  80  9:43  Pylon  
  80  9:51  Photon Cannon  
  80  9:55  Pylon  
  80  9:58  Pylon  
  77  10:14  Probe (Chrono Boost)  
  77  10:18  Carrier  
  77  10:20  Carrier x2  
  78  10:24  Probe (Chrono Boost)  
  78  10:26  Carrier  
  79  10:35  Protoss Shields Level 2 (Chrono Boost)  
  103  11:04  Observer  
  103  11:09  Protoss Air Weapons Level 2  
  104  11:24  Protoss Ground Weapons Level 1 (Chrono Boost)  
  104  11:32  Warp Prism  
  106  11:44  Void Ray  
  106  11:46  Void Ray x2  
  124  11:54  Carrier (Chrono Boost)  
  116  12:31  Carrier (Chrono Boost)  
  116  12:37  Carrier (Chrono Boost)  
  108  13:31  Fleet Beacon  
Show
View Real Time Build Order
Export as new Build Order

Danglê Zerg 

Build Orders: Pool First 

Get SALT Encoding   

  12  0:03  Drone  
  13  0:13  Overlord  
  13  0:27  Drone  
  14  0:33  Extractor  
  13  0:37  Extractor  
  13  0:38  Drone  
  13  0:39  Drone  
  14  0:56  Spawning Pool  
  14  0:57  Drone  
  14  1:07  Drone  
  14  1:08  Drone  
  17  1:18  Drone  
  17  1:30  Drone  
  18  1:34  Drone  
  19  1:43  Lair  
  20  1:47  Drone  
  20  1:55  Overlord  
  20  2:11  Drone  
  21  2:17  Drone  
  22  2:27  Drone  
  23  2:42  Spire  
  22  2:46  Drone  
  23  3:00  Drone  
  23  3:05  Drone  
  25  3:18  Hatchery  
  24  3:49  Drone, Extractor  
  24  4:05  Hatchery  
  23  4:21  Zerg Flyer Weapons Level 1  
  23  4:30  Extractor  
  22  4:42  Mutalisk x3  
  22  4:43  Mutalisk x2  
  32  4:52  Overlord  
  32  5:08  Drone x3  
  35  5:24  Drone x2  
  35  5:25  Drone  
  38  5:31  Drone x2  
  40  5:49  Mutalisk x4  
  46  5:50  Mutalisk  
  46  5:53  Overlord x2  
  50  6:15  Zerg Flyer Armor Level 1  
  50  6:20  Drone x2  
  52  6:33  Drone x2  
  54  6:40  Extractor  
  54  6:43  Extractor  
  52  6:48  Mutalisk  
  52  6:49  Mutalisk x5  
  64  6:59  Drone  
  64  7:00  Drone  
  66  7:04  Overlord x2  
  66  7:27  Drone  
  66  7:28  Drone x2  
  69  7:43  Mutalisk x5  
  79  7:54  Drone  
  80  8:09  Zerg Flyer Weapons Level 2  
  80  8:11  Mutalisk  
  82  8:21  Overlord x4  
  82  8:22  Overlord x3  
  82  8:44  Drone x3  
  85  8:48  Drone x2  
  85  8:49  Drone x2  
  89  9:06  Infestation Pit  
  88  9:12  Drone x2  
  90  9:28  Mutalisk x4  
  90  9:29  Mutalisk  
  100  10:01  Mutalisk x5  
  100  10:02  Mutalisk x3  
  116  10:13  Drone  
  117  10:25  Zerg Flyer Armor Level 2  
  117  10:27  Hive  
  117  10:52  Zergling x2  
  118  10:57  Drone x3  
  121  11:06  Mutalisk  
  121  11:07  Mutalisk x5  
  133  11:36  Drone x3  
  113  12:10  Mutalisk x7  
  113  12:11  Mutalisk x2  
  129  13:09  Mutalisk x4  
  137  13:13  Overlord x4  
  137  13:14  Overlord  
Show
View Real Time Build Order
Export as new Build Order

Zeus Protoss 

Build Orders: Double Forge 

Get SALT Encoding   

  12  0:25  Pylon  
  12  0:30  Assimilator  
  12  0:32  Probe (Chrono Boost)  
  13  0:41  Probe (Chrono Boost)  
  14  0:46  Probe (Chrono Boost)  
  15  1:07  Forge  
  15  1:11  Probe (Chrono Boost)  
  16  1:21  Probe (Chrono Boost)  
  17  1:26  Probe (Chrono Boost)  
  18  1:37  Probe  
  19  1:44  Pylon  
  19  1:50  Probe  
  19  1:52  Gateway  
  20  1:59  Gateway  
  20  2:05  Assimilator  
  20  2:09  Probe (Chrono Boost)  
  21  2:16  Forge  
  21  2:18  Probe (Chrono Boost)  
  22  2:23  Probe (Chrono Boost)  
  23  2:37  Protoss Shields Level 1  
  23  3:33  Pylon  
  23  3:37  Photon Cannon  
  23  3:41  Photon Cannon  
  23  3:45  Cybernetics Core  
  23  3:46  Protoss Ground Weapons Level 1  
  23  4:12  Pylon  
  23  4:30  Twilight Council  
  23  4:36  Photon Cannon  
  23  4:49  Photon Cannon  
  23  4:51  Gateway  
  23  4:53  Gateway  
  23  4:56  Warp Gate  
  23  5:17  Nexus  
  23  5:26  Assimilator  
  23  5:30  Assimilator  
  23  5:52  Charge  
  23  6:33  Probe (Chrono Boost)  
  24  6:43  Probe (Chrono Boost)  
  24  6:44  Protoss Ground Armor Level 1  
  25  6:48  Probe (Chrono Boost)  
  25  6:53  Dark Shrine  
  26  6:58  Gateway  
  26  6:59  Probe  
  27  7:04  Pylon  
  27  7:10  Pylon  
  27  7:11  Probe  
  28  7:23  Probe  
  28  7:29  Gateway  
  29  7:35  Probe  
  30  7:48  Probe (Chrono Boost)  
  30  7:49  Photon Cannon  
  30  7:51  Photon Cannon  
  31  7:53  Photon Cannon  
  31  8:00  Probe (Chrono Boost)  
  32  8:06  Gateway  
  32  8:07  Gateway  
  32  8:09  Probe (Chrono Boost)  
  33  8:14  Probe  
  34  8:23  Gateway  
  34  8:26  Probe  
  35  8:35  Shadow Stride  
  35  9:19  Probe (Chrono Boost)  
  36  9:27  Pylon  
  36  9:29  Pylon, Probe (Chrono Boost)  
  37  9:32  Pylon  
  37  9:34  Pylon, Probe (Chrono Boost)  
  38  9:39  Pylon  
  38  9:41  Pylon  
  38  9:46  Probe  
  39  9:53  Pylon  
  39  9:56  Pylon  
  39  10:01  Pylon  
  39  10:07  Dark Templar  
  39  10:09  Dark Templar  
  39  10:10  Dark Templar  
  39  10:11  Dark Templar  
  39  10:13  Dark Templar  
  49  10:14  Dark Templar  
  49  10:15  Dark Templar  
  49  10:17  Dark Templar  
  49  10:18  Dark Templar  
  57  10:36  Robotics Facility  
  57  10:51  Dark Templar  
  57  10:52  Dark Templar  
  57  10:53  Dark Templar  
  57  10:54  Dark Templar  
  57  10:55  Dark Templar  
  57  10:56  Dark Templar  
  69  10:57  Dark Templar  
  69  10:59  Dark Templar  
  69  11:00  Dark Templar  
  75  11:37  Dark Templar  
  75  11:38  Dark Templar  
  75  11:39  Dark Templar  
  81  11:41  Dark Templar  
  81  11:42  Dark Templar  
  81  11:43  Dark Templar  
  81  11:45  Dark Templar  
  89  11:47  Dark Templar  
  89  11:50  Dark Templar  
  87  13:47  Stalker  
  89  13:48  Dark Templar  
  89  13:49  Dark Templar  
  89  13:51  Dark Templar  
  89  13:52  Dark Templar  
  89  13:53  Dark Templar  
  89  13:54  Dark Templar  
  101  13:56  Dark Templar  
  101  14:00  Dark Templar  
Tags
 
Add a new tag
Caveats
  • Supply blocks, unpowered buildings, or Contaminate may cause inaccurate times.
  • Supply counts are checked every 10 seconds.